 Dungeon Crawl Stone Soup version 0.24-a0-22-g2a401c0 (webtiles) character file.

Game seed: 8558415035181217639

22880 DrEnzyme the Thaumaturge (level 12, -11/59 HPs)
             Began as a Deep Elf Earth Elementalist on Feb 1, 2019.
             Was a Priest of Vehumet.
             Mangled by Snorg (16 damage)
             ... on level 5 of the Lair of Beasts.
             The game lasted 02:14:01 (23713 turns).

DrEnzyme the Thaumaturge (DEEE)                    Turns: 23713, Time: 02:14:01

Health: -11/59     AC: 12    Str: 14    XL:     12   Next: 66%
Magic:  21/31      EV: 16    Int: 27    God:    Vehumet [***...]
Gold:   393        SH:  0    Dex: 15    Spells: 2/37 levels left

rFire    x . .     SeeInvis .   M - +11 war axe of Malimuwn {pain, +Rage Str-2 Stlth+}
rCold    + + .     Gourm    +   (no shield)
rNeg     . . .     Faith    .   J - +3 leather armour {rPois}
rPois    +         Spirit   .   w - +0 helmet
rElec    .         Reflect  .   (no cloak)
rCorr    .         Harm     .   G - +1 pair of gloves
MR       +....                  (no boots)
Stlth    +++++.....             c - amulet "Gupluina" {Gourm rF- rC++ Str+7}
HPRegen  0.19/turn              j - +3 ring of protection
MPRegen  0.22/turn              I - +5 ring of intelligence

@: no status effects
A: no striking features
a: Renounce Religion, Evoke Berserk Rage


You were on level 5 of the Lair of Beasts.
You worshipped Vehumet.
Vehumet was most pleased with you.
You were full.

You visited 3 branches of the dungeon, and saw 16 of its levels.

You collected 1106 gold pieces.
You spent 713 gold pieces at shops.

Inventory:

Hand Weapons
 h - a +2 dagger of speed
 n - a +0 blowgun
 u - a +0 quarterstaff of draining
 M - the +11 war axe of Malimuwn (weapon) {pain, +Rage Str-2 Stlth+}
   (You found it on level 2 of the Lair of Beasts)

   In the hands of one skilled in necromantic magic, it inflicts extra damage on
   living creatures.
   It affects your strength (-2).
   It lets you go berserk.
   It makes you more stealthy.
Missiles
 b - 111 stones (quivered)
 q - 62 poisoned needles
 s - 2 throwing nets
 y - 2 silver tomahawks
Armour
 t - the +0 leather armour of Tischie {rC+ Int+2 Dex+2}
   (You took it off an orc priest on level 4 of the Dungeon)

   It affects your intelligence (+2).
   It affects your dexterity (+2).
   It protects you from cold.
 v - a +2 robe of cold resistance
 w - a +0 helmet (worn)
 x - a +1 ring mail of fire resistance
 F - the cursed +0 ring mail "Xask" {Dex+6 Slay+3}
   (You bought it in a shop on level 5 of the Dungeon)

   It affects your dexterity (+6).
   It affects your accuracy and damage with ranged weapons and melee attacks
   (+3).
   It has a curse placed upon it.
 G - a +1 pair of gloves (worn)
 J - a +3 leather armour of poison resistance (worn)
Jewellery
 c - the amulet "Gupluina" (around neck) {Gourm rF- rC++ Str+7}
   (You acquired it on level 7 of the Dungeon)

   [amulet of the gourmand]

   It allows you to eat raw meat even when not hungry.
   It affects your strength (+7).
   It makes you vulnerable to fire.
   It greatly protects you from cold.
 j - a +3 ring of protection (left hand)
 r - an uncursed amulet of the acrobat
 z - a +3 ring of dexterity
 A - an uncursed ring of see invisible
 C - an uncursed ring of ice
 I - a +5 ring of intelligence (right hand)
 Q - a +4 ring of evasion
Wands
 g - a wand of disintegration (7)
 D - a wand of flame (9)
 E - a wand of paralysis (6)
 H - a wand of polymorph (13)
 O - a wand of scattershot (6)
 R - a wand of acid (5)
Scrolls
 e - 5 scrolls of remove curse
 i - 2 scrolls of identify
 l - 8 scrolls of teleportation
 p - 3 scrolls of magic mapping
 B - 2 scrolls of silence
 K - a scroll of enchant weapon
 T - a scroll of blinking {unknown}
 U - a scroll of fog
Potions
 a - 3 potions of might
 d - a potion of berserk rage
 k - 5 potions of flight
 m - 3 potions of agility
 o - a potion of resistance {unknown}
 N - a potion of mutation {unknown}
 P - 3 potions of curing {unknown}
Miscellaneous
 L - a phial of floods
 S - a phantom mirror
Comestibles
 f - 33 rations


   Skills:
 - Level 4.0 Axes
 - Level 2.2 Throwing
 - Level 2.8 Armour
 - Level 7.5 Dodging
 - Level 10.0 Stealth
 + Level 13.4 Spellcasting
 - Level 6.5 Conjurations
 - Level 6.1 Hexes
 - Level 5.7 Transmutations
 + Level 12.6 Earth Magic
 * Level 1.7 Evocations


You had 2 spell levels left.
You knew the following spells:

 Your Spells              Type           Power        Failure   Level  Hunger
a - Sandblast             Erth           ######       0%          1    None
b - Passwall              Tmut/Erth      ######..     1%          2    None
c - Stone Arrow           Conj/Erth      ######       1%          3    None
d - Petrify               Tmut/Erth      ######..     1%          4    None
e - Lee's Rapid Deconstr  Erth           ######....   1%          5    ##.....
f - Blink                 Tloc           N/A          5%          2    None
g - Mephitic Cloud        Conj/Pois/Air  ####....     1%          3    None
h - Slow                  Hex            ######..     1%          2    None
i - Sticky Flame          Conj/Fire      #####...     2%          4    None
j - Fireball              Conj/Fire      #####.....   7%          5    ##.....
k - Airstrike             Air            ###.......   11%         4    None

Your spell library contained the following spells:

 Spells                   Type           Power        Failure   Level  Hunger
 Flame Tongue             Conj/Fire      #####        1%          1    None
 Magic Dart               Conj           ####         1%          1    None
 Throw Flame              Conj/Fire      #####.       1%          2    None
 Call Imp                 Summ           ###.....     5%          2    None
 Conjure Flame            Conj/Fire      #####...     1%          3    None
 Inner Flame              Hex/Fire       ####....     1%          3    None
 Yara's Violent Unravell  Hex/Tmut       ######....   2%          5    ##.....
 Cause Fear               Hex            ######....   3%          4    None
 Silence                  Hex/Air        ####......   28%         5    ##.....
 Deflect Missiles         Chrm/Air       ###.......   99%         6    ####...
 Discord                  Hex            ######....   100%        8    #######


Dungeon Overview and Level Annotations

Branches:
Dungeon (10/15)            Temple (1/1) D:4            Lair (5/6) D:9
 Spider (0/4) Lair:2
  Swamp: Lair:2-4    Shoals: Lair:2-4     Slime: Lair:5-6       Orc: D:9-12

Altars:
Ashenzari
Cheibriados
Dithmenos
Elyvilon
Fedhas
Hepliaklqana
Kikubaaqudgha
Makhleb
Nemelex Xobeh
Okawaru
Qazlal
Ru
Trog
Uskayaw
Vehumet
Wu Jian
Xom
Yredelemnul
Zin
The Shining One

Shops:
D:5 [   D:7 %

Annotations:
D:4 exclusions: downstairs and 8 more exclusions, Sigmund
D:6 2 transporters, shareduser's ghost, novice CeHu
D:7 exclusion: 2 downstairs
D:8 exclusions: downstairs and upstairs
D:9 exclusion: downstairs
Lair:3 exclusion: 2 downstairs, Rupert
Lair:4 exclusion: downstairs
Lair:5 Snorg


Message History

Confirm with . or Enter, or press ? or * to list all spells.
Aiming: Petrify (safe; 1% risk of failure)
Press: ? - help, Shift-Dir - straight line, f/p - Snorg
Aim: Snorg (berserk, fast, unusually strong, chance to defeat MR: 43%) Snorg resists with some effort.
The wolf completely misses you. Snorg barely misses you. Snorg claws you.
Snorg closely misses you. The wolf bites you but does no damage.
Snorg bites you! Snorg claws you! Snorg completely misses you.
The wolf closely misses you.
Casting: Petrify (safe; 1% risk of failure)
Confirm with . or Enter, or press ? or * to list all spells.
Aiming: Petrify (safe; 1% risk of failure)
Press: ? - help, Shift-Dir - straight line, f/p - Snorg
Aim: Snorg (berserk, fast, unusually strong, chance to defeat MR: 43%) Snorg resists with some effort.
The wolf misses you. Snorg bites you!!
* * * LOW HITPOINT WARNING * * *
Snorg claws you.
* * * LOW HITPOINT WARNING * * *
Snorg claws you!
You die...

#........PP.........P... ...
#......P.##..........P.#.
#........#...........P.#
#......#............P..#
.......P..#..........#.## .
.......P............#...## #..
.....................#...###..P
.......#.#........PP#.......#..
....P....##.....@h.............
.....#...#.......T..†..........
#.P.##.#.##.........#..........
.P...#.#.##.........#...#......
....##...##...P......#.## #....
.....#...#..............#......
..P.......#.P..........P..#....
..............................
#....#.#..............#.#..#.#


You could see Snorg (berserk) and a wolf.

Vanquished Creatures
  A two-headed ogre (D:9)
  2 black mambas
  4 elephants (Lair:2)
  A torpor snail (Lair:2)
  A rime drake (Lair:2)
  12 spiny frogs
  2 komodo dragons
  3 jumping spiders (Lair:2)
  A merfolk (Lair:4)
  A queen bee (Lair:4)
  A troll (D:9)
  2 polar bears (Lair:4)
  3 meliai (Lair:4)
  A hornet (D:9)
  A hippogriff (D:7)
  10 dream sheep
  14 blink frogs
  A wyvern (D:9)
  7 yaks
  A redback (Lair:2)
  3 basilisks
  Grum (D:8)
  3 porcupines
  8 water moccasins
  4 orc warriors
  An ice beast (D:8)
  A swamp drake (D:9)
  A black bear (D:6)
  An eye of draining (D:9)
  2 phantoms
  2 wolves (D:8)
  2 centaurs
  4 ogres
  3 crocodiles
  Blork the orc (D:4)
  12 bullfrogs
  4 scorpions
  27 killer bees
  A wight (D:8)
  3 vampire bats
  A howler monkey (D:5)
  4 crimson imps
  2 centaur zombies
  2 bullfrog zombies
  6 jellies
  A bullfrog skeleton (D:7)
  5 hounds
  5 orc priests
  2 centaur skeletons
  2 iguanas
  4 orc wizards
  A gnoll shaman (D:8)
  2 hell rats (Lair:3)
  6 worker ants
  3 hound skeletons
  A howler monkey zombie (D:7)
  5 adders
  4 gnolls (D:8)
  8 river rats (Lair:3)
  A shadow imp (D:7)
  An ooze (D:5)
  2 adder zombies (D:6)
  4 worms
  4 leopard geckos
  37 orcs
  A ball python (D:1)
  4 bat skeletons (D:3)
  2 bat zombies (D:3)
  2 giant cockroaches
  6 goblins
  5 hobgoblins
  7 jackals
  4 quokkas
  5 bats
  4 frilled lizards
  A jackal zombie (D:9)
  11 kobolds
  A quokka zombie (D:8)
  8 rats
  13 fungi
  6 plants
  A toadstool (D:1)
347 creatures vanquished.

Vanquished Creatures (others)
  A bush (Lair:5)
  19 fungi
  13 plants
  3 toadstools (D:1)
36 creatures vanquished.

Grand Total: 383 creatures vanquished

Notes
Turn   | Place    | Note
-------+----------+-------------------------------------------
     0 | D:1      | DrEnzyme the Deep Elf Earth Elementalist began the quest
                  | for the Orb.
     0 | D:1      | Reached XP level 1. HP: 10/10 MP: 6/6
   349 | D:1      | Reached XP level 2. HP: 15/15 MP: 2/8
   839 | D:2      | Learned a level 2 spell: Passwall
  1277 | D:2      | Reached XP level 3. HP: 16/19 MP: 5/10
  1405 | D:2      | Found a bloodstained altar of Trog.
  1433 | D:2      | Reached skill level 4 in Spellcasting
  1490 | D:2      | Found a sparkling altar of Nemelex Xobeh.
  1798 | D:3      | Found a blossoming altar of Fedhas.
  1859 | D:3      | Learned a level 3 spell: Stone Arrow
  1905 | D:3      | Found an iron altar of Okawaru.
  1905 | D:3      | Found a glowing golden altar of the Shining One.
  2248 | D:3      | Reached XP level 4. HP: 22/24 MP: 5/12
  2304 | D:3      | Found an ancient bone altar of Kikubaaqudgha.
  2307 | D:3      | Reached skill level 5 in Spellcasting
  2310 | D:3      | Reached XP level 5. HP: 28/28 MP: 10/15
  2393 | D:3      | Learned a level 4 spell: Petrify
  2399 | D:3      | Learned a level 5 spell: Lee's Rapid Deconstruction
  2805 | D:4      | Reached skill level 5 in Earth Magic
  2867 | D:4      | Found a shadowy altar of Dithmenos.
  3107 | D:4      | Found a staircase to the Ecumenical Temple.
  3118 | Temple   | Entered the Ecumenical Temple
  3269 | D:4      | Noticed Sigmund
  3355 | D:4      | Noticed a phantom
  3380 | D:3      | Killed a phantom
  3380 | D:3      | Reached skill level 6 in Spellcasting
  3380 | D:3      | Reached XP level 6. HP: 26/32 MP: 3/17
  3605 | D:4      | Noticed Blork the orc
  3813 | D:4      | Identified the cursed +0 leather armour of Tischie {rC+
                  | Int+2 Dex+2}
  3933 | D:5      | Entered Level 5 of the Dungeon
  4010 | D:5      | Reached skill level 7 in Spellcasting
  4282 | D:4      | Reached XP level 7. HP: 36/36 MP: 13/19
  4376 | D:4      | Killed Blork the orc
  4857 | D:5      | Found Xitug's Antique Armour Boutique.
  4925 | D:5      | Reached skill level 1 in Armour
  4977 | D:5      | Found a sparkling altar of Nemelex Xobeh.
  5340 | D:5      | Reached skill level 8 in Spellcasting
  5568 | D:5      | Reached XP level 8. HP: 41/41 MP: 15/22
  6138 | D:6      | Reached skill level 9 in Spellcasting
  6604 | D:6      | Reached skill level 5 in Stealth
  6623 | D:6      | Found a transporter.
  6623 | D:6      | Noticed shareduser's ghost (novice CeHu)
  6685 | D:6      | Found a transporter.
  6978 | D:7      | Found a hide-covered altar of Uskayaw.
  7345 | D:7      | Reached XP level 9. HP: 45/45 MP: 20/24
  7485 | D:7      | Reached skill level 1 in Throwing
  7485 | D:7      | Reached skill level 10 in Spellcasting
  7632 | D:7      | Identified 3 scrolls of acquirement
  7640 | D:7      | Learned a level 2 spell: Blink
  7644 | D:7      | Learned a level 3 spell: Mephitic Cloud
  7647 | D:7      | Learned a level 2 spell: Slow
  7700 | Temple   | Became a worshipper of Vehumet
  7883 | D:7      | Reached skill level 1 in Hexes
  8069 | D:7      | Found Kiasmi Ykhlu's Food Shoppe.
  8471 | D:7      | Got a sparkling golden amulet
  8649 | D:8      | Noticed a gargoyle
  8749 | D:8      | Noticed Grum
  8760 | D:8      | Reached skill level 5 in Dodging
  8792 | D:8      | Paralysed by Grum for 4 turns
  8997 | D:8      | Killed Grum
  9519 | D:8      | Found a sacrificial altar of Ru.
  9522 | D:8      | Found a snail-covered altar of Cheibriados.
  9525 | D:8      | Found a shimmering altar of Xom.
  9981 | D:9      | Reached skill level 11 in Spellcasting
 10039 | D:9      | Reached * piety under Vehumet
 10039 | D:9      | Offered knowledge of Freeze by Vehumet.
 10376 | D:9      | Reached XP level 10. HP: 50/50 MP: 16/27
 11083 | D:9      | Noticed a two-headed ogre
 11094 | D:9      | Killed a two-headed ogre
 11398 | D:9      | Identified the amulet "Gupluina" {Gourm rF- rC++ Str+7}
                  | (You acquired it on level 7 of the Dungeon)
 11706 | D:9      | Reached skill level 10 in Earth Magic
 11949 | D:9      | Reached skill level 12 in Spellcasting
 12297 | D:5      | Bought an obsidian-encrusted ring mail for 279 gold pieces
 12297 | D:5      | Identified the cursed +0 ring mail "Xask" {Dex+6 Slay+3}
                  | (You bought it in a shop on level 5 of the Dungeon)
 12298 | D:5      | Bought a fine scale mail for 279 gold pieces
 12471 | D:9      | Reached skill level 5 in Hexes
 12757 | D:9      | Reached skill level 5 in Transmutations
 12779 | D:9      | Found a staircase to the Lair.
 13343 | D:10     | Entered Level 10 of the Dungeon
 13504 | Lair:1   | Entered Level 1 of the Lair of Beasts
 13533 | Lair:1   | Noticed a spiny frog
 13538 | Lair:1   | Killed a spiny frog
 13639 | Lair:1   | Noticed a spiny frog
 13654 | Lair:1   | Killed a spiny frog
 13654 | Lair:1   | Reached XP level 11. HP: 54/54 MP: 4/29
 13837 | Lair:1   | Identified the +3 scale mail "Fudaroff" {-Cast Int+6 Dex+4}
                  | (You bought it in a shop on level 5 of the Dungeon)
 14373 | Lair:2   | Got an encrusted war axe
 14524 | Lair:2   | Identified the +11 war axe of Malimuwn {pain, +Rage Str-2
                  | Stlth+} (You found it on level 2 of the Lair of Beasts)
 14600 | Lair:2   | Reached ** piety under Vehumet
 14625 | Lair:2   | Offered knowledge of Shock by Vehumet.
 14625 | Lair:2   | Reached skill level 1 in Axes
 15494 | Lair:2   | Found a hole to the Spider Nest.
 16088 | D:5      | Bought a runed leather armour for 155 gold pieces
 16487 | Lair:2   | Reached skill level 1 in Conjurations
 17171 | Lair:2   | Reached skill level 5 in Conjurations
 17444 | Lair:2   | Offered knowledge of Throw Frost by Vehumet.
 17920 | Lair:3   | Found a gate leading to a gauntlet.
 17935 | Lair:3   | Learned a level 4 spell: Sticky Flame
 18354 | Lair:3   | Noticed Rupert
 18469 | Lair:3   | Reached XP level 12. HP: 59/59 MP: 15/30
 18699 | Lair:3   | Upgraded the game from 0.24-a0-19-g0b81bb8 to
                  | 0.24-a0-20-g05a21ba
 18756 | Lair:4   | Noticed an eight-headed hydra
 18869 | Lair:4   | Reached *** piety under Vehumet
 19279 | Lair:4   | Learned a level 5 spell: Fireball
 19905 | Lair:4   | Upgraded the game from 0.24-a0-20-g05a21ba to
                  | 0.24-a0-22-g2a401c0
 20928 | Lair:4   | Offered knowledge of Airstrike by Vehumet.
 21183 | Lair:4   | Learned a level 4 spell: Airstrike
 22487 | Lair:5   | Reached skill level 10 in Stealth
 22656 | Lair:5   | Reached skill level 13 in Spellcasting
 23079 | Lair:5   | Reached skill level 1 in Evocations
 23421 | Lair:5   | Noticed a death yak
 23421 | Lair:5   | Noticed a death yak
 23430 | Lair:5   | Noticed a death yak
 23692 | Lair:5   | Noticed Snorg
 23713 | Lair:5   | Mangled by Snorg

Vault maps used:
D:1:      dpeg_arrival_water_temple_mockup, minmay_gold_behind_fungi
D:2:      nemelex_xobeh_ov_fountains_minmay, bloody_trog
D:3:      old_standard_altar, kennysheep_vampire_church,
          gammafunk_temple_overflow_elements, first_ration
D:4:      kennysheep_mini_moat, minmay_temple_entry_glassed_door,
          kennysheep_decorative_pillar, palyth_stone_intersect, uniq_sigmund,
          uniq_blork_the_orc
D:5:      serial_shops, kennysheep_mini, kennysheep_pointless_box,
          nemelex_dance_club_becter
D:6:      gammafunk_ghost_mausoleum
D:7:      old_standard_altar, serial_shops, shop, grunt_ogre_cave,
          kennysheep_generic_room_7
D:8:      grunt_temple_overflow_diamond, uniq_grum
D:9:      nicolae_overflow_hidden_temple, erik_lair_dragon
Temple:   dpeg_three_leaves_temple
Lair:2:   spider_nest_entry_a
Lair:3:   gauntlet_entry_generic, st_stairs_6, serial_bayou_pond_d,
          kennysheep_rathole, uniq_rupert
Lair:4:   elwin_shoals_entry_rooms, special_room
Lair:5:   roderic_batcave, grunt_megastairs_5, uniq_snorg

Skill      XL: |  1  2  3  4  5  6  7  8  9 10 11 12 |
---------------+-------------------------------------+-----
Earth Magic    | 4 5 6 7 8 9 10 11 12 | 12.6
Spellcasting   | 4 5 6 7 8 9 11 12 13 | 13.4
Dodging        | 3 4 5 7 |  7.5
Stealth        | 3 5 10 | 10.0
Armour         | 2 |  2.8
Transmutations | 2 3 5 |  5.7
Throwing       | 2 |  2.2
Hexes          | 3 5 6 |  6.1
Axes           | 4 |  4.0
Conjurations   | 6 |  6.5
Evocations     | 1 |  1.7

Action                   |  1- 3 |  4- 6 |  7- 9 | 10-12 || total
-------------------------+-------+-------+-------+-------++-------
Melee: Unarmed           |    77 |       |       |       ||    77
       War axe           |       |       |       |   340 ||   340
 Fire: Blowgun           |       |     2 |    69 |    14 ||    85
Throw: Stone             |       |       |       |     1 ||     1
 Cast: Sandblast         |    54 |    29 |    91 |   107 ||   281
       Stone Arrow       |     3 |    26 |    75 |   147 ||   251
       Petrify           |       |       |     7 |   189 ||   196
       Lee's Rapid Decon |       |       |    13 |    24 ||    37
       Blink             |       |       |     1 |     3 ||     4
       Airstrike         |       |       |       |    22 ||    22
       Fireball          |       |       |       |     5 ||     5
       Sticky Flame      |       |       |       |     1 ||     1
Evoke: Wand              |       |       |       |     1 ||     1
  Use: Scroll            |     7 |     8 |    10 |    16 ||    41
       Potion            |       |       |     1 |     4 ||     5
 Stab: Petrified         |       |       |       |   190 ||   190
       Petrifying        |       |       |       |    10 ||    10
  Eat: Chunk             |     4 |     4 |    13 |    41 ||    62
       Ration            |       |     1 |     2 |     3 ||     6
Armor: Robe              |     6 |     3 |     1 |       ||    10
       Leather armour    |       |       |     7 |    44 ||    51
Dodge: Dodged            |    21 |    14 |    36 |   174 ||   245

Table legend:
 A = Non-vault XP
 B = Vault XP
 C = Vault XP percentage of total XP
 D = Non-vault monster count
 E = Vault monster count
 F = Vault count percentage of total count
                 A         B        C        D         E       F
            +---------+---------+-------+---------+---------+-------
      Total |   25916 |    6770 |  20.7 |     263 |      64 |  19.6
            +---------+---------+-------+---------+---------+-------
        D:1 |      25 |       0 |   0.0 |      17 |       0 |   0.0
        D:2 |      41 |       0 |   0.0 |      15 |       0 |   0.0
        D:3 |     159 |     122 |  43.4 |      13 |       8 |  38.1
        D:4 |     249 |     100 |  28.7 |      14 |       1 |   6.7
        D:5 |     976 |     116 |  10.6 |      32 |       2 |   5.9
        D:6 |     730 |       0 |   0.0 |      18 |       0 |   0.0
        D:7 |    1276 |     137 |   9.7 |      25 |       2 |   7.4
        D:8 |     947 |     420 |  30.7 |      21 |       3 |  12.5
        D:9 |    3853 |     913 |  19.2 |      39 |       4 |   9.3
       D:10 |       7 |       0 |   0.0 |       5 |       0 |   0.0
     Lair:1 |    1519 |       0 |   0.0 |       5 |       0 |   0.0
     Lair:2 |    8275 |    1122 |  11.9 |      25 |       4 |  13.8
     Lair:3 |     824 |     424 |  34.0 |       3 |      12 |  80.0
     Lair:4 |    4317 |    2450 |  36.2 |      18 |      21 |  53.8
     Lair:5 |    2718 |     966 |  26.2 |      13 |       7 |  35.0
            +---------+---------+-------+---------+---------+-------
